 Dungeon Crawl Stone Soup version 0.31-a0-1074-g0b22e4e0f1 (webtiles) character file.

Game seed: 13158981282823799343

100 dialectric the Shield-Bearer (level 4, -4/38 HPs)
             Began as a Minotaur Wanderer on Nov 25, 2023.
             Slain by Sigmund
             ... wielding a +2 heavy scythe
              (10 damage)
             ... on level 2 of the Dungeon on Nov 26, 2023.
             The game lasted 00:02:09 (1106 turns).

dialectric the Shield-Bearer (Minotaur Wanderer)    Turns: 1106, Time: 00:02:09

Health: -4/38      AC:  6    Str: 19    XL:     4   Next: 46%
Magic:  5/5        EV:  9    Int:  6    God:
Gold:   31         SH:  7    Dex: 12    Spells: 5/5 levels left

rFire   . . .        a - +0 mace
rCold   . . .        b - +2 buckler
rNeg    . . .        c - +0 scale mail
rPois   .            (helmet restricted)
rElec   .            (no cloak)
rCorr   .            (no gloves)
SInv    .            (no boots)
Will    .....        (no amulet) Stlth
                     (no ring)
HPRegen 0.26/turn    (no ring)
MPRegen 0.09/turn

%: no passive effects
@: attractive
A: horns 2, retaliatory headbutt
a: no special abilities


You were on level 2 of the Dungeon.
You visited 1 branch of the dungeon, and saw 2 of its levels.

You collected 31 gold pieces.

Inventory:

Hand Weapons
 a - a +0 mace (weapon)
Armour
 b - a +2 buckler (worn)
 c - a +0 scale mail (worn)
Scrolls
 d - a scroll of butterflies
 e - a scroll of silence {unknown}
 f - a scroll of amnesia {unknown}
 h - a scroll of identify {unknown}
 i - 2 scrolls of enchant armour {unknown}
 j - a scroll of fear {unknown}
Potions
 g - a potion of attraction


   Skills:
 + Level 3.2 Fighting
 + Level 3.1 Maces & Flails
 + Level 3.2 Armour
 * Level 4.8 Shields
 + Level 1.4 Spellcasting


You had 5 spell levels left.
You didn't know any spells.
Your spell library was empty.

Dungeon Overview and Level Annotations

Branches:
Dungeon (2/15)

Altars:

Annotations:
D:2 Sigmund


Innate Abilities, Weirdness & Mutations

You have a pair of horns on your head.
You reflexively headbutt those who attack you in melee.


Message History

You headbutt Sigmund!
Unknown command.
It was a potion of attraction.
You feel attractive to monsters.
Unknown command.
You hit Sigmund but do no damage.
Sigmund is moderately wounded.
Sigmund gestures at you while chanting.
You are confused.
You closely miss Sigmund. Your headbutt misses Sigmund.
Sigmund is moderately wounded.
Sigmund hits you with a +2 heavy scythe.
Unknown command.
You are too confused!
You hit Sigmund but do no damage.
Sigmund is moderately wounded.
Sigmund hits you with a +2 heavy scythe!
Unknown command.
Sigmund is attracted toward you. The adder is attracted toward you.
You are too injured to fight recklessly!
Sigmund is attracted toward you. The adder is attracted toward you.
You are too injured to fight recklessly!
Unknown command.
You bump into the rock wall.
Sigmund hits you but does no damage.
You are too injured to fight recklessly!
You closely miss Sigmund. You headbutt Sigmund.
Sigmund is heavily wounded.
You feel less confused.
You hit Sigmund.
Sigmund is severely wounded.
Sigmund hits you with a +2 heavy scythe!
* * * LOW HITPOINT WARNING * * *
Unknown command.
You barely miss Sigmund.
Sigmund is severely wounded.
You sock Sigmund!
Sigmund is almost dead.
Sigmund hits you with a +2 heavy scythe!
You die...
Sigmund begins carving another notch in his scythe.

#.# #.# #.# .# #.#
#.# #.# #.#######
#.......#
#######.##########
#..@@S.......
##.########## ###


You could see Sigmund and an adder.

Vanquished Creatures
  An orc priest (D:2)
  Natasha (D:2)
  A gnoll (D:1)
  A dart slug (D:1)
  2 orcs (D:2)
  5 bats (D:1)
  2 endoplasms (D:1)
  A giant cockroach (D:1)
  2 goblins (D:1)
  4 hobgoblins
  3 jackals (D:1)
  4 kobolds
  4 ball pythons (D:1)
  A frilled lizard (D:1)
  A rat (D:1)
33 creatures vanquished.

Notes
Turn   | Place    | Note
-------+----------+-------------------------------------------
     0 | D:1      | dialectric the Minotaur Wanderer began the quest for the
                  | Orb.
     0 | D:1      | dialectric set off with the following items: a +0 mace, a
                  | +2 buckler, a +0 scale mail, a scroll of butterflies.
     0 | D:1      | Reached XP level 1. HP: 18/18 MP: 1/1
    82 | D:1      | Reached XP level 2. HP: 25/25 MP: 2/2
   249 | D:1      | Reached skill level 4 in Shields
   524 | D:1      | Upgraded the game from 0.31-a0-986-g5e6e4ef867 to
                  | 0.31-a0-1074-g0b22e4e0f1
   534 | D:1      | Reached XP level 3. HP: 28/30 MP: 3/3
   772 | D:2      | Noticed Natasha
   778 | D:2      | Killed Natasha
   917 | D:2      | Reached XP level 4. HP: 28/38 MP: 5/5
  1091 | D:2      | Noticed Sigmund
  1106 | D:2      | Slain by Sigmund

Illustrated notes

Levels and vault maps discovered:
D:1:      erik_arrival_triangle_small, layout_basic, serial_park_tiny_2,
          minmay_shallow_snake_nest
D:2:      layout_loops_ring, uniq_natasha, uniq_sigmund

Skill      XL: |  1  2  3 |
---------------+----------+-----
Shields        | 4 |  4.8
Fighting       | 3 |  3.2
Maces & Flails | 3 |  3.1
Armour         | 3 |  3.2
Spellcasting   | |  1.4

Action                     |  1- 3 |  4- 6 || total
---------------------------+-------+-------++-------
  Melee: Mace              |    67 |    13 ||    80
         Headbutt          |    13 |     3 ||    16
    Use: Potion            |       |     1 ||     1
 Armour: Scale mail        |    55 |     8 ||    63
  Dodge: Dodged            |    48 |     1 ||    49
  Block: Buckler           |    28 |     1 ||    29

Table legend: (Time is in decaauts)
 A = Elapsed time spent in this place.
 B = Non-inter-level travel time spent in this place.
 C = Inter-level travel time spent in this place.
 D = Time resting spent in this place.
 E = Time spent auto-exploring this place.
 F = Levels seen in this place.
 G = Mean time per level.
                   A        B        C        D        E       F      G
               +--------+--------+--------+--------+--------+-----+--------+
         Total |   1148 |   1139 |      9 |      0 |    913 |   2 |  574.0 |
       Dungeon |   1148 |   1139 |      9 |      0 |    913 |   2 |  574.0 |
               +--------+--------+--------+--------+--------+-----+--------+

Top non-repeatable levels by time:
     D:1: 784 daAuts
     D:2: 364 daAuts
